 Dungeon Crawl Stone Soup version 0.20.1-2-g1830e616b0 (console) character file.

835 CALLOUS the Skirmisher (level 7, -1/63 HPs)
             Began as a Hill Orc Summoner on Oct 16, 2019.
             Was a Follower of Beogh.
             Killed by divine providence
             ... invoked by an orc priest
              (12 damage)
             ... on level 7 of the Dungeon.
             The game lasted 03:18:59 (10126 turns).

CALLOUS the Skirmisher (Hill Orc Summoner)         Turns: 10126, Time: 03:19:00

Health: -1/63      AC: 12    Str: 13      XL:     7   Next: 99%
Magic:  1/9        EV: 10    Int: 15      God:    Beogh [*.....]
Gold:   337        SH:  1    Dex: 13 (14) Spells: 6/9 levels left

rFire    + . .     SeeInvis .   j - -3 spear (curse)
rCold    . . .     Gourm    .   a - -2 buckler (curse)
rNeg     . . .     Faith    .   D - +3 ring mail {rF+}
rPois    .         Spirit   .   U - +0 helmet
rElec    .         Reflect  .   L - +0 cloak
rCorr    .         Harm     .   i - +2 pair of gloves
MR       .....                  g - +0 pair of boots (curse)
Stlth    +.........             F - amulet of rage
Regen    0.2/turn               W - +3 ring of dexterity
MPRegen  0.2/turn               H - -3 ring of protection (curse)

@: very slightly contaminated
A: deterioration 1, wild magic 1
a: Renounce Religion, Evoke Berserk Rage


You were on level 7 of the Dungeon.
You worshipped Beogh.
Beogh was aware of your devotion.
You were full.

You visited 1 branch of the dungeon, and saw 7 of its levels.

You collected 337 gold pieces.

Inventory:

Hand Weapons
 e - a +0 halberd
 j - a cursed -3 spear (weapon)
 v - the +3 hunting sling "Feanoir" {venom, Fragile Dex+4, unknown}
   (You found it on level 4 of the Dungeon)

   It poisons the ammo it fires.
   It affects your dexterity (+4).
   It will be destroyed if unequipped.
 x - a +0 hand axe
 z - a +1 blowgun
 J - a +0 hand axe
 Q - a +0 trident
 T - a +4 rapier
Missiles
 f - 157 stones (quivered)
 m - 49 arrows
 w - a throwing net
 y - 62 poisoned needles
 V - 5 silver tomahawks
 Y - 5 curare-tipped needles
Armour
 a - a cursed -2 buckler (worn)
 g - a cursed +0 pair of boots (worn)
 i - a +2 pair of gloves (worn)
 D - a +3 ring mail of fire resistance (worn)
 L - a +0 cloak (worn)
 P - a +0 pair of boots
 U - a +0 helmet (worn)
Jewellery
 l - an uncursed ring of flight
 n - an uncursed ring of positive energy {unknown}
 B - an uncursed amulet of the gourmand
 F - an amulet of rage (around neck)
 H - a cursed -3 ring of protection (right hand)
 N - a +2 ring of evasion {unknown}
 W - a +3 ring of dexterity (left hand)
Wands
 E - a wand of paralysis (5/24)
 I - a wand of clouds (4/9)
 R - a wand of acid (10/15)
Scrolls
 u - 2 scrolls of enchant weapon
 O - a scroll of recharging
 Z - 2 scrolls of magic mapping
Potions
 k - 2 potions of heal wounds {unknown}
 q - a potion of flight {unknown}
 r - a potion of invisibility {unknown}
 t - a potion of brilliance {unknown}
 A - a potion of agility {unknown}
 C - a potion of degeneration {unknown}
 K - a potion of cancellation {unknown}
 X - a potion of ambrosia {unknown}
Books
 b - a book of Callings

   Spells                             Type                      Level
   a - Summon Small Mammal            Summoning                    1
   b - Call Imp                       Summoning                    2
   c - Call Canine Familiar           Summoning                    3
   d - Summon Guardian Golem          Hexes/Summoning              3
   e - Summon Lightning Spire         Summoning/Air                4
   f - Summon Ice Beast               Ice/Summoning                4
 h - a book of Misfortune

   Spells                             Type                      Level
   a - Confusing Touch                Hexes                        1
   b - Confuse                        Hexes                        3
   c - Gell's Gravitas                Translocation                3
   d - Petrify                        Transmutation/Earth          4
   e - Metabolic Englaciation         Hexes/Ice                    5
   f - Yara's Violent Unravelling     Hexes/Transmutation          5
 p - a book of Frost

   Spells                             Type                      Level
   a - Freeze                         Ice                          1
   b - Throw Frost                    Conjuration/Ice              2
   c - Ozocubu's Armour               Charms/Ice                   3
   d - Throw Icicle                   Conjuration/Ice              4
   e - Summon Ice Beast               Ice/Summoning                4
Comestibles
 c - 5 bread rations
 d - 2 royal jellies
 o - 4 fruits
 S - 2 meat rations


   Skills:
 * Level 6.2 Fighting
 * Level 3.8 Axes
 + Level 4.9 Armour
 - Level 1.5 Dodging
 - Level 2.2 Stealth
 - Level 1.5 Spellcasting
 - Level 4.0 Summonings
 * Level 3.9 Invocations


You had 6 spell levels left.
You knew the following spells:

 Your Spells              Type           Power        Failure   Level  Hunger
a - Summon Small Mammal   Summ           ###.         22%         1    ##.....
b - Call Imp              Summ           ###.....     30%         2    ###....


Dungeon Overview and Level Annotations

Branches:
Dungeon (7/15)             Temple (0/1) D:6

Altars:
Ashenzari
Cheibriados
Dithmenos
Okawaru
Qazlal
Vehumet
Xom
Yredelemnul
Zin
The Shining One

Shops:
D:6 }

Annotations:
D:1 1 exclusion
D:2 exclusions: goblin and hobgoblin, Natasha
D:3 7pD
D:4 4oEflailofvenomS, exclusion: orc
D:5 5toEDgiantspikedclubgiantclub, exclusion: two-headed ogre
D:6 5hED6owDdaggerembroideredrobeS7owDdaggerofvenomS7oHvampirewarS
D:7 exclusions: scorpion and worker ant


Innate Abilities, Weirdness & Mutations

Your body sometimes deteriorates upon taking damage.
Your spells are a little harder to cast, but a little more powerful.


Message History

The floor.
You fail to use your ability.
The ice beast barely misses you.
The orc priest hits you but does no damage.
You fail to use your ability.
The ice beast hits you. The ice beast freezes you!
* * * LOW HITPOINT WARNING * * *
The orc priest closely misses you.
An orc wizard comes into view. It is wielding a dagger.
Press: ? - help, v - describe, . - travel
Here: an orc wizard, wielding a dagger and wearing a robe The floor.
Blink to where?
Press: ? - help, Dir - move target cursor You are very lightly contaminated with residual magic.
As you read the scroll of blinking, it crumbles to dust.
The orc wizard hits you but does no damage.
The orc priest casts a cantrip, but nothing happens.
The orc priest invokes the aid of Beogh against you.
Beogh smites you!
You die...
Beogh appreciates the orc priest's killing of a heretic priest.

............# ######
.#..........# ##..........#
#.....)....# #..........#
#..........#################
#>......)......#.........[.#
#.................<........#
#.....).o.o................#
#####.#..o.o.o.............#
# #.Y.#.....<..@...........#
####.####......>........#####
...#.# #...............#
#...## #...............#
##...# ##.....)......[.##
###.#.# #............#..#
....#.# ###.###.#######)#
..###.# #.#...# #.# ......#
#.#...# #.# ....#..# #.#?..#
#.# ....##... #.#..?. #(#


You could see an orc priest, an orc wizard and 3 orcs.

Vanquished Creatures
  A sky beast (D:7)
  2 adder zombies (D:7)
  A leopard gecko (D:5)
  3 orcs
  A giant cockroach (D:4)
  2 hobgoblins
  6 jackals
  3 quokkas
  A bat (D:3)
  5 frilled lizards
  3 goblins
  2 kobolds (D:3)
  2 rats
32 creatures vanquished.

Vanquished Creatures (collateral kills)
  A sky beast (D:6)
  A phantom (D:7)
  4 ogres
  2 bullfrogs (D:6)
  A gnoll sergeant (D:7)
  A jelly (D:5)
  A bullfrog skeleton (D:5)
  2 hounds
  An orc priest (D:6)
  Ijyb (D:3)
  5 orc wizards
  An iguana (D:6)
  Robin (D:2)
  6 gnolls
  7 adders
  2 shadow imps
  An adder skeleton (D:5)
  A worm (D:2)
  2 dart slugs
  2 leopard geckos
  15 orcs
  A ball python (D:2)
  5 bats
  4 giant cockroaches
  10 goblins
  5 hobgoblins
  11 jackals
  4 frilled lizards
  A jackal zombie (D:7)
  6 kobolds
  A leopard gecko zombie (D:5)
  2 rats (D:1)
108 creatures vanquished.

Vanquished Creatures (others)
  An orc priest (D:4)
  An orc (D:4)
2 creatures vanquished.

Grand Total: 142 creatures vanquished

Notes
Turn   | Place    | Note
-------+----------+-------------------------------------------
     0 | D:1      | CALLOUS the Hill Orc Summoner began the quest for the Orb.
     0 | D:1      | Reached XP level 1. HP: 14/14 MP: 3/3
   230 | D:1      | Reached skill level 1 in Fighting
   788 | D:1      | Reached XP level 2. HP: 23/23 MP: 0/4
   792 | D:1      | Learned a level 2 spell: Call Imp
  1272 | D:1      | Reached skill level 2 in Fighting
  1460 | D:2      | Found a snail-covered altar of Cheibriados.
  1485 | D:2      | Noticed Natasha
  1763 | D:2      | Reached XP level 3. HP: 30/30 MP: 0/5
  1979 | D:2      | Noticed Robin
  1987 | D:2      | Killed Robin
  2122 | D:2      | Reached skill level 3 in Fighting
  2923 | D:3      | Noticed Ijyb
  2923 | D:3      | Paralysed by Ijyb for 5 turns
  2955 | D:3      | Paralysed by Ijyb for 5 turns
  3033 | D:3      | Killed Ijyb
  3033 | D:3      | Reached XP level 4. HP: 40/40 MP: 0/6
  3346 | D:2      | Reached skill level 4 in Fighting
  3950 | D:3      | Found a glowing golden altar of the Shining One.
  3966 | D:3      | Found an iron altar of Okawaru.
  3968 | D:3      | Found a basalt altar of Yredelemnul.
  4284 | D:4      | Noticed a phantom
  4537 | D:4      | Reached skill level 1 in Axes
  4537 | D:4      | Reached skill level 1 in Armour
  4537 | D:4      | Reached XP level 5. HP: 40/47 MP: 0/7
  4676 | D:4      | Became a worshipper of Beogh the Brigand
  4704 | D:5      | Entered Level 5 of the Dungeon
  5084 | D:5      | Reached skill level 1 in Invocations
  5745 | D:5      | Noticed a two-headed ogre
  5835 | D:6      | Noticed a hippogriff
  5942 | D:5      | Noticed an ogre
  6164 | D:4      | Found a shattered altar of Ashenzari.
  6170 | D:3      | Found a stormy altar of Qazlal.
  6411 | D:4      | Got a bone hunting sling
  6481 | D:4      | Reached XP level 6. HP: 45/53 MP: 1/8
  6588 | D:4      | Found a shadowy altar of Dithmenos.
  6597 | D:4      | Found a glowing silver altar of Zin.
  6600 | D:4      | Noticed an angel
  6602 | D:4      | Found a shimmering altar of Xom.
  6751 | D:5      | Reached skill level 5 in Fighting
  7555 | D:6      | Reached * piety under Beogh
  7716 | D:6      | Reached XP level 7. HP: 61/61 MP: 3/9
  7741 | D:6      | Found a radiant altar of Vehumet.
  7904 | D:6      | Found a staircase to the Ecumenical Temple.
  8849 | D:6      | Gained mutation: Your spells are a little harder to cast, but a little more powerful. [mutagenic meat]
  8850 | D:6      | Gained mutation: Your body sometimes deteriorates upon taking damage. [mutagenic meat]
  9169 | D:6      | Found Taaman Xyro's Gadget Shop.
  9460 | D:7      | Reached skill level 6 in Fighting
 10126 | D:7      | Killed from afar by an orc priest

Skill      XL: |  1  2  3  4  5  6  7 |
---------------+----------------------+-----
Fighting       | 1 2 3 4 5 6 |  6.2
Stealth        | 2 |  2.2
Axes           | 1 2 3 |  3.8
Armour         | 1 2 3 4 |  4.9
Invocations    | 2 3 |  3.9
Dodging        | |  1.5
Spellcasting   | |  1.5
Summonings     | |  4.0

Action                   |  1- 3 |  4- 6 |  7- 9 || total
-------------------------+-------+-------+-------++-------
Melee: Unarmed           |    65 |    51 |       ||   116
       Spear             |       |   183 |   150 ||   333
Throw: Stone             |    89 |    81 |    52 ||   222
       Tomahawk          |       |    18 |    11 ||    29
 Cast: Summon Small Mamm |    46 |     6 |     9 ||    61
       Call Imp          |    25 |    58 |    61 ||   144
Invok: Convert to Beogh  |       |     1 |       ||     1
Evoke: Wand              |       |     3 |       ||     3
  Use: Scroll            |       |     9 |     1 ||    10
 Stab: Sleeping          |     2 |       |     1 ||     3
       Paralysed         |       |    10 |       ||    10
       Distracted        |       |       |     2 ||     2
  Eat: Chunk             |    10 |    19 |    21 ||    50
       Fruit             |       |     1 |       ||     1
Armor: Robe              |    10 |       |       ||    10
       Ring mail         |    14 |   110 |    80 ||   204
Dodge: Dodged            |    53 |   154 |    72 ||   279
